AoeStats
← skuo0747

Nomad

509585139Analyzed
3v3 RM · 5d ago on Sep 27, 2026· 92m 18s· 6 players
Game mode
Random Map
Map size
210×210
Population
200
Speed
Normal
Resources
Standard
Victory
Conquest
Starting age
Dark Age
Ending age
Imperial Age
RankedLock teamsTeams togetherTeam positionsShared explorationLock speedFull tech treeHidden civsTurbo modeCheats
Victory
Defeat
🇧🇷 Britons · Brazil
872
+9
🇨🇳 Vikings · China
795
+11
🇦🇷 Vietnamese · Argentina
722
+14
🇩🇪 Hindustanis · Germany
751
-14
🇷🇴 Tatars · Romania
657
-10
🇷🇴 Turks · Romania
657
-10
Tunnes
4:39 Loom
7:07 Loom
15:32 Feudal Age
23:41 Castle Age
21:52 Double-Bit Axe
23:11 Stone Mining
23:13 Gold Mining
23:34 Horse Collar
25:52 Squires
27:55 Stone Shaft Mining
27:55 Gold Shaft Mining
29:20 Wheelbarrow
29:22 Fervor
30:43 Bow Saw
32:03 Hand Cart
33:47 Grand Trunk Road
35:06 Heavy Plow
42:14 Imperial Age
42:08 Caravan
42:23 Town Watch
42:41 Murder Holes
43:07 Ballistics
42:34 Elite Ghulam
46:43 Hoardings
49:29 Two-Man Saw
48:11 Heavy Camel Rider
57:12 Imperial Camel Rider
Vasea73
4:57 Loom
16:01 Feudal Age
24:13 Fishing Lines
24:32 Double-Bit Axe
30:57 Castle Age
39:29 Imperial Age
38:18 Town Watch
39:08 Wheelbarrow
41:45 Elite Cannon Galleon
43:45 Hand Cart
45:36 Bow Saw
46:04 Forging
45:41 Crossbowman
49:29 Two-Man Saw
48:36 Town Patrol
50:18 Padded Archer Armor
51:30 Sanctity
52:06 Sipahi
52:02 Capped Ram
54:41 Caravan
55:11 Coinage
55:04 Leather Archer Armor
54:34 Siege Ram
56:05 Gillnets
55:38 Demolition Ship
56:28 Medium Warships
57:20 Hoardings
56:16 Sappers
58:36 Heavy Demolition Ship
61:39 Banking
61:19 Guilds
61:27 Bloodlines
61:18 Husbandry
60:38 Cavalier
60:39 Heavy Camel Rider
64:40 Treadmill Crane
64:56 Murder Holes
65:24 Bombard Tower
64:50 Arrowslits
64:56 Guard Tower
66:49 Thumb Ring
70:20 Ring Archer Armor
69:41 Fletching
70:27 Iron Casting
69:53 Scale Mail Armor
69:58 Scale Barding Armor
71:09 Keep
70:55 Ballistics
70:25 Heated Shot
70:46 Fortified Wall
70:47 Masonry
70:43 Siphons
74:32 Redemption
74:22 Atonement
77:24 Bodkin Arrow
78:30 Blast Furnace
77:45 Chain Mail Armor
81:34 Architecture
81:15 Incendiaries
Anairda
4:06 Loom
4:28 Loom
6:06 Loom
7:27 Loom
7:39 Loom
8:16 Loom
17:52 Feudal Age
19:06 Double-Bit Axe
19:16 Horse Collar
19:54 Stone Mining
19:55 Gold Mining
30:52 Castle Age
34:35 Heavy Plow
35:45 Town Watch
36:36 Wheelbarrow
36:26 Bow Saw
37:12 Murder Holes
38:12 Fishing Lines
39:02 Gillnets
53:27 Imperial Age
51:16 Squires
51:02 Arson
50:38 Man-at-Arms
52:19 Devotion
53:18 Wheelbarrow
52:28 Town Watch
53:50 Gold Shaft Mining
55:11 Medium Warships
55:10 Crossbowman
55:11 Elite Skirmisher
56:29 Sappers
57:00 Silk Armor
56:33 Capped Ram
57:31 Elite Keshik
58:25 Scale Barding Armor
58:21 Padded Archer Armor
58:12 Fletching
58:32 Forging
58:23 Scale Mail Armor
61:26 Treadmill Crane
61:57 Fortified Wall
61:37 Guard Tower
61:38 Heated Shot
61:58 Masonry
64:07 Chemistry
63:27 Ballistics
63:18 Clinker Construction
63:11 Cavalier
63:52 Husbandry
64:02 Bloodlines
63:13 Light Cavalry
65:15 Hand Cart
65:31 Town Patrol
66:20 Heavy Warships
66:13 Careening
66:09 Siege Engineers
66:29 Chain Barding Armor
66:56 Atonement
67:22 Illumination
67:12 Block Printing
66:53 Herbal Medicine
67:10 Fervor
67:52 Crop Rotation
70:04 Plate Barding Armor
69:45 Leather Archer Armor
70:59 Cavalier
71:00 Heavy Camel Rider
72:12 Husbandry
75:01 Timurid Siegecraft
75:11 Conscription
74:48 Elite Cannon Galleon
75:08 Heavy Camel Rider
78:29 Elite Steppe Lancer
78:30 Light Cavalry
79:20 Bloodlines
79:57 Hussar
rivamestre
4:31 Loom
16:02 Feudal Age
23:25 Horse Collar
24:01 Fletching
24:12 Padded Archer Armor
27:42 Castle Age
28:08 Crossbowman
28:52 Bodkin Arrow
29:13 Leather Archer Armor
30:07 Ballistics
36:43 Yeomen
38:05 Double-Bit Axe
44:32 Imperial Age
44:05 Bow Saw
43:59 Heavy Plow
53:23 Arbalester
58:24 Conscription
58:25 Gold Mining
60:12 Bracer
61:47 Two-Man Saw
65:17 Ring Archer Armor
84:13 Wheelbarrow
skuo0747
14:59 Loom
26:06 Feudal Age
30:46 Wheelbarrow
29:58 Town Watch
29:56 Horse Collar
30:11 Gold Mining
30:12 Stone Mining
30:10 Fishing Lines
35:41 Man-at-Arms
tmqylxbz19
4:34 Loom
15:46 Feudal Age
16:31 Horse Collar
17:28 Double-Bit Axe
21:09 Scale Barding Armor
21:15 Forging
26:41 Castle Age
26:55 Gold Mining
26:56 Stone Mining
27:14 Scale Mail Armor
27:05 Fletching
28:41 Bodkin Arrow
29:25 Iron Casting
31:02 Chain Mail Armor
34:55 Bow Saw
34:49 Heavy Plow
34:38 Fishing Lines
39:55 Imperial Age
39:41 Padded Archer Armor
40:13 Arson
40:07 Pikeman
40:47 Squires
42:13 Two-Man Saw
41:13 Capped Ram
42:07 Elite Varangian Guard
43:10 Elite Berserk
46:05 Blast Furnace
45:36 Plate Mail Armor
45:28 Chain Barding Armor
49:03 Crop Rotation
50:36 Chieftains
56:02 Siege Ram
64:09 Bogsveigar
68:02 Gold Shaft Mining
70:00 Light Cavalry
79:19 Elite Longship
Connection lost

Rejoining the realm…

Still unreachable

The connection could not be restored.

Session expired

The server has moved on; the page needs a fresh start.